 Dungeon Crawl Stone Soup version 0.23-a0-143-g1adec7bb76 (webtiles) character file.

4757 PikkenKukken the Whirler (level 10, -10/71 HPs)
             Began as a Halfling Hunter on Sept 6, 2018.
             Mangled by a two-headed ogre
             ... wielding a +0 giant club
              (20 damage)
             ... on level 9 of the Dungeon.
             The game lasted 00:14:28 (7758 turns).

PikkenKukken the Whirler (Halfling Hunter)          Turns: 7758, Time: 00:14:28

Health: -10/71     AC:  9    Str: 13    XL:     10   Next: 75%
Magic:  10/10      EV: 21    Int:  9    God:
Gold:   245        SH:  3    Dex: 19    Spells: 9/9 levels left

rFire    . . .     SeeInvis .   a - +2 hunting sling
rCold    . . .     Gourm    .   (shield restricted)
rNeg     . . .     Faith    .   F - +0 troll leather armour
rPois    .         Spirit   .   n - +0 helmet
rElec    .         Reflect  +   (no cloak)
rCorr    .         Harm     .   (no gloves)
MR       .....                  (no boots)
Stlth    ++........             o - +3 amulet of reflection
HPRegen  0.61/turn              i - +4 ring of protection
MPRegen  0.12/turn              (no ring)

@: no status effects
A: small, mutation resistance 1
a: no special abilities


You were on level 9 of the Dungeon.
You were not hungry.

You visited 2 branches of the dungeon, and saw 10 of its levels.

You collected 496 gold pieces.
You spent 251 gold pieces at shops.

Inventory:

Hand Weapons
 a - a +2 hunting sling (weapon)
 b - a +0 short sword
Missiles
 e - 214 stones (quivered)
Armour
 c - a +0 leather armour
 n - a +0 helmet (worn)
 u - a +0 ring mail of poison resistance
 F - a +0 troll leather armour (worn)
Jewellery
 i - a +4 ring of protection (left hand)
 o - a +3 amulet of reflection (around neck)
Wands
 m - a wand of iceblast (16)
 s - a wand of scattershot (5)
 y - a wand of flame (15)
 A - a wand of random effects (9)
Scrolls
 g - a scroll of magic mapping
 r - 2 scrolls of remove curse
 t - a scroll of teleportation
 z - 3 scrolls of identify
 D - a scroll of immolation
Potions
 h - 2 potions of flight
 j - a potion of magic
 k - 2 potions of resistance
 l - 3 potions of might
 p - 4 potions of curing
 q - a potion of lignification {unknown}
 v - 2 potions of cancellation {unknown}
 w - 3 potions of brilliance {unknown}
 x - a potion of heal wounds {unknown}
 C - a potion of invisibility {unknown}
 E - a potion of haste {unknown}
Comestibles
 d - 2 chunks of flesh
 f - 14 rations


   Skills:
 + Level 7.1 Fighting
 * Level 15.2 Slings
 + Level 1.4 Armour
 + Level 8.5 Dodging
 - Level 1.1 Stealth


You had 9 spell levels left.
You didn't know any spells.
Your spell library contained the following spells:

 Spells                   Type           Power        Failure   Level  Hunger
 Confusing Touch          Hex            #.....       45%         1    ##.....
 Shock                    Conj/Air       #...         45%         1    ##.....
 Swiftness                Chrm/Air       #.......     61%         2    ###....
 Static Discharge         Conj/Air       #.......     83%         3    ####...
 Airstrike                Air            #.........   99%         4    #####..
 Cause Fear               Hex            #.........   99%         4    #####..
 Petrify                  Tmut/Erth      #.......     99%         4    #####..
 Lightning Bolt           Conj/Air       #.........   100%        5    ######.
 Silence                  Hex/Air        #.........   100%        5    ######.
 Iron Shot                Conj/Erth      #.........   100%        6    #######


Dungeon Overview and Level Annotations

Branches:
Dungeon (9/15)             Temple (1/1) D:4
   Lair: D:8-11         Orc: D:9-12

Altars:
Ashenzari
Cheibriados
Dithmenos
Elyvilon
Fedhas
Gozag
Hepliaklqana
Kikubaaqudgha
Makhleb
Nemelex Xobeh
Qazlal
Ru
Sif Muna
Trog
Uskayaw
Vehumet
Wu Jian
Xom
Yredelemnul
Zin
The Shining One

Shops:
D:7 *   D:8 *


Innate Abilities, Weirdness & Mutations

You are small and have problems with some larger weapons.
You are somewhat resistant to further mutation.


Message History

You are too injured to fight recklessly!
You are too injured to fight recklessly!
You are too injured to fight recklessly!
You are too injured to fight recklessly!
You are too injured to fight recklessly!
You are too injured to fight recklessly!
You are too injured to fight recklessly!
Firing (i - inventory)
e - 216 stones (quivered)
Press: ? - help, Shift-Dir - straight line, f/p - two-headed ogre
Aim: a two-headed ogre, wielding two giant clubs (almost dead)
You shoot a stone.
The stone hits the two-headed ogre but does no damage.
The two-headed ogre is almost dead.
Firing (i - inventory)
e - 215 stones (quivered)
Press: ? - help, Shift-Dir - straight line, f/p - two-headed ogre
Aim: a two-headed ogre, wielding two giant clubs (almost dead)
You shoot a stone.
The stone closely misses the two-headed ogre.
The two-headed ogre hits you with a giant club!!
You die...

###....### .##
.........###....((...#
.
...........'....(....+
.........###....(....
###....### ...(...
#...## ..(..
#...#########.(.
##.#........##)#
#.#.######.##@# #.#.#
#.##O# #.#.####
#.##(###### #...)).#
#.#.(......#
###.##)###...(..###.#
#.##............#
#........##(#.#.#
#############.#... ..
..#


You could see a two-headed ogre.

Vanquished Creatures
  A two-headed ogre (D:9)
  Pikel (D:5)
  Sigmund (D:3)
  A human (D:9)
  A yak (D:9)
  3 hogs (D:9)
  2 slaves (D:5)
  A black bear (D:8)
  3 sky beasts
  2 ice beasts
  A necrophage (D:4)
  2 centaurs
  2 ogres
  A big kobold (D:9)
  4 bullfrogs
  A wyvern zombie (D:8)
  3 scorpions
  8 wights
  A howler monkey (D:6)
  A crimson imp (D:4)
  4 hounds
  A centaur skeleton (D:6)
  2 orc priests
  Ijyb (D:3)
  A jelly (D:5)
  5 orc wizards
  3 iguanas
  3 worker ants
  2 hound zombies (D:7)
  2 howler monkey zombies
  A worker ant zombie (D:5)
  A howler monkey skeleton (D:4)
  7 adders
  2 shadow imps
  An ooze (D:4)
  An adder zombie (D:5)
  5 worms
  2 dart slugs (D:2)
  6 leopard geckos
  13 orcs
  4 giant cockroaches
  6 goblins
  4 hobgoblins
  22 jackals
  4 quokkas
  2 bats
  8 frilled lizards
  11 kobolds
  A leopard gecko skeleton (D:5)
  6 rats
171 creatures vanquished.

Vanquished Creatures (others)
  A centaur (D:7)
  A water moccasin skeleton (D:5)
  A crimson imp (D:5)
3 creatures vanquished.

Grand Total: 174 creatures vanquished

Notes
Turn   | Place    | Note
-------+----------+-------------------------------------------
     0 | D:1      | PikkenKukken the Halfling Hunter began the quest for the
                  | Orb.
     0 | D:1      | Reached XP level 1. HP: 14/14 MP: 1/1
    51 | D:1      | Reached skill level 6 in Slings
    58 | D:1      | Reached XP level 2. HP: 19/19 MP: 2/2
   525 | D:1      | Reached XP level 3. HP: 24/24 MP: 3/3
  1053 | D:2      | Reached XP level 4. HP: 30/30 MP: 4/4
  1166 | D:2      | Reached skill level 7 in Slings
  1393 | D:3      | Found a shadowy altar of Dithmenos.
  1506 | D:3      | Found an opulent altar of Gozag.
  1814 | D:3      | Noticed Ijyb
  1836 | D:3      | Noticed Sigmund
  1837 | D:3      | Killed Ijyb
  1837 | D:3      | Reached XP level 5. HP: 31/35 MP: 5/5
  2032 | D:3      | Killed Sigmund
  2032 | D:3      | Reached skill level 8 in Slings
  2032 | D:3      | Reached XP level 6. HP: 16/42 MP: 6/6
  2393 | D:3      | Found a faded altar of an unknown god.
  2532 | D:4      | Found a staircase to the Ecumenical Temple.
  2543 | Temple   | Entered the Ecumenical Temple
  2873 | D:4      | Reached skill level 9 in Slings
  2876 | D:4      | Reached XP level 7. HP: 46/46 MP: 7/7
  3218 | D:4      | Reached skill level 10 in Slings
  3257 | D:4      | Found a radiant altar of Vehumet.
  3264 | D:4      | Reached XP level 8. HP: 54/54 MP: 8/8
  3265 | D:4      | Found a burning altar of Makhleb.
  3292 | D:4      | Identified the Disquisition on the Enchanting Mountains
  3446 | D:4      | Reached skill level 5 in Dodging
  3601 | D:4      | You fall through a shaft for 2 floors!
  3624 | D:5      | Entered Level 5 of the Dungeon
  3716 | D:5      | Found a glowing golden altar of the Shining One.
  3746 | D:5      | Noticed Pikel
  3791 | D:5      | Killed Pikel
  3791 | D:5      | Reached skill level 11 in Slings
  4086 | D:5      | Reached skill level 5 in Fighting
  4086 | D:5      | Reached XP level 9. HP: 61/61 MP: 9/9
  4699 | D:6      | Reached skill level 12 in Slings
  5982 | D:7      | Found Jiodif's Assorted Antiques.
  5987 | D:7      | Bought a scroll of identify for 48 gold pieces
  5987 | D:7      | Bought a scroll of identify for 48 gold pieces
  5987 | D:7      | Bought 2 emerald potions for 43 gold pieces
  6000 | D:7      | Found a shattered altar of Ashenzari.
  6166 | D:7      | Reached skill level 13 in Slings
  6303 | D:7      | Found a white marble altar of Elyvilon.
  6615 | D:8      | Found Yxaph's General Store.
  6618 | D:8      | Bought 2 potions of curing for 84 gold pieces
  6618 | D:8      | Bought a scroll of identify for 28 gold pieces
  6659 | D:8      | Found a glowing silver altar of Zin.
  6659 | D:8      | Found a sparkling altar of Nemelex Xobeh.
  6722 | D:8      | Reached XP level 10. HP: 68/68 MP: 10/10
  7020 | D:8      | Reached skill level 14 in Slings
  7691 | D:9      | Noticed a two-headed ogre
  7706 | D:9      | Killed a two-headed ogre
  7706 | D:9      | Reached skill level 15 in Slings
  7706 | D:9      | Reached skill level 1 in Armour
  7742 | D:9      | Noticed a two-headed ogre
  7758 | D:9      | Mangled by a two-headed ogre

Vault maps used:
D:1:      matt_arrival_diagonals, kennysheep_decorative_pillar
D:3:      grunt_dithmenos_smoke_and_mirrors,
          nicolae_gozag_cash_rules_everything_around_me,
          chequers_ecumenical_altar_island, minmay_door_square, uniq_sigmund,
          uniq_ijyb
D:4:      grunt_temple_overflow_lords_of_destruction,
          minmay_temple_entry_overgrown, serial_bayou_crossing
D:5:      tso_metal_star, first_ration, uniq_pikel
D:7:      cheibrodos_quashed, ashenzari_altar_1, elyvilon_altar_5, serial_shops,
          kennysheep_little_box
D:8:      gammafunk_temple_overflow_wave, serial_shops, kennysheep_mini_moat
D:9:      okawaru_trees_1, grunt_livestock, uniq_erica
Temple:   minmay_temple_forest_path

Skill      XL: |  1  2  3  4  5  6  7  8  9 10 |
---------------+-------------------------------+-----
Slings         | 6 7 8 9 10 11 13 15 | 15.2
Fighting       | 2 3 4 5 6 7 |  7.1
Dodging        | 3 4 6 7 8 |  8.5
Armour         | 1 |  1.4
Stealth        | |  1.1

Action                   |  1- 3 |  4- 6 |  7- 9 | 10-12 || total
-------------------------+-------+-------+-------+-------++-------
 Fire: Hunting sling     |    92 |   124 |   440 |   216 ||   872
  Use: Scroll            |     2 |       |    10 |     1 ||    13
  Eat: Chunk             |       |     5 |     8 |     3 ||    16
       Ration            |       |       |     1 |       ||     1
Armor: Leather armour    |     2 |    19 |    14 |       ||    35
       Ring mail         |       |       |    14 |     5 ||    19
       Troll leather arm |       |       |       |     3 ||     3
Dodge: Dodged            |    12 |    45 |    83 |    45 ||   185
Block: Other             |       |       |    10 |     4 ||    14
       Reflection        |       |       |     2 |     1 ||     3

Table legend:
 A = Non-vault XP
 B = Vault XP
 C = Vault XP percentage of total XP
 D = Non-vault monster count
 E = Vault monster count
 F = Vault count percentage of total count
                 A         B        C        D         E       F
            +---------+---------+-------+---------+---------+-------
      Total |    4799 |    1998 |  29.4 |     161 |       9 |   5.3
            +---------+---------+-------+---------+---------+-------
        D:1 |      29 |       0 |   0.0 |      18 |       0 |   0.0
        D:2 |      56 |       0 |   0.0 |      18 |       0 |   0.0
        D:3 |     146 |     279 |  65.6 |      22 |       2 |   8.3
        D:4 |     551 |      50 |   8.3 |      23 |       1 |   4.2
        D:5 |     311 |     706 |  69.4 |      14 |       1 |   6.7
        D:6 |     681 |       0 |   0.0 |      13 |       0 |   0.0
        D:7 |     774 |       0 |   0.0 |      22 |       0 |   0.0
        D:8 |     893 |       0 |   0.0 |      17 |       0 |   0.0
        D:9 |    1358 |     963 |  41.5 |      14 |       5 |  26.3
            +---------+---------+-------+---------+---------+-------
